 Dungeon Crawl Stone Soup version 0.29.1-13-g9f3cf754e1 (webtiles) character file.

Game seed: 13067739304226083944

118 Thatpatchoflichen the Shooter (level 4, -10/27 HPs)
             Began as a Deep Elf Hunter on Jan 25, 2023.
             Mangled by a mummy (15 damage)
             ... in an ossuary.
             The game lasted 00:08:32 (2141 turns).

Thatpatchoflichen the Shooter (Deep Elf Hunter)     Turns: 2141, Time: 00:08:33

Health: -10/27     AC:  5    Str:  8    XL:     4   Next: 72%
Magic:  6/6        EV: 13    Int: 14    God:
Gold:   96         SH:  0    Dex: 20    Spells: 3/3 levels left

rFire   + . .      SeeInvis .   p - +0 arbalest
rCold   + . .      Faith    .   (shield currently unavailable)
rNeg    . . .      Spirit   .   c - +0 leather armour
rPois   +          Reflect  .   (no helmet)
rElec   +          Harm     .   (no cloak)
rCorr   +          Rampage  .   m - +1 pair of gloves
Will    .....                   (no boots)
Stlth   ++........              (no amulet)
HPRegen 0.09/turn               (no ring)
MPRegen 0.10/turn               (no ring)

@: resistant
A: no striking features
a: no special abilities


You were in an ossuary.
You visited 1 branch of the dungeon, and saw 4 of its levels.
You also visited: Ossuary.

You collected 96 gold pieces.

Inventory:

Hand Weapons
 a - a +0 shortbow
 p - a +0 arbalest (weapon)
Missiles
 g - 6 poisoned darts
 s - 3 boomerangs of dispersal
Armour
 c - a +0 leather armour (worn)
 m - a +1 pair of gloves (worn)
 v - a +0 kite shield
Wands
 w - a wand of paralysis (8)
Scrolls
 b - 2 scrolls of immolation
 j - 2 scrolls of magic mapping {unknown}
 k - a scroll of identify {unknown}
 r - 3 scrolls of vulnerability {unknown}
 t - a scroll of fog {unknown}
 u - a scroll of poison {unknown}
 x - a scroll of fear {unknown}
Potions
 d - a potion of cancellation
 e - 2 potions of haste
 f - a potion of heal wounds {unknown}
 h - a potion of flight {unknown}
 i - a potion of curing {unknown}
 l - a potion of ambrosia {unknown}
 n - a potion of resistance
 o - a potion of degeneration {unknown}
 q - a potion of might {unknown}


   Skills:
 * Level 2.8 Fighting
 * Level 6.1 Ranged Weapons
 + Level 3.3 Dodging
 + Level 2.8 Stealth


You had 3 spell levels left.
You didn't know any spells.
Your spell library was empty.

Dungeon Overview and Level Annotations

Branches:
Dungeon (4/15)            Ossuary (1/1)
 Temple: D:4-7

Altars:

Annotations:
D:3 Sigmund


Message History

The bolt hits the jackal zombie!
You destroy the jackal zombie!
The adder zombie bites you but does no damage.
The adder zombie closely misses you. The adder zombie barely misses you.
The adder zombie closely misses you.
The adder zombie attacks as you move away!
The adder zombie barely misses you.
The adder zombie bites you but does no damage.
Fire: p) +0 arbalest
Press: ? - help, Q - select action, (/) - cycle Shift-Dir - straight line, f - adder zombie
Aim: an adder zombie (62% to hit)
You shoot a bolt.
The bolt barely misses the adder zombie.
The bolt hits the rat zombie!
You destroy the rat zombie!
The adder zombie bites you but does no damage. x2
The adder zombie misses you.
Fire: p) +0 arbalest
Press: ? - help, Q - select action, (/) - cycle Shift-Dir - straight line, f/p - adder zombie
Aim: an adder zombie (62% to hit)
You shoot a bolt. The bolt hits the adder zombie!!
You destroy the adder zombie!
The adder zombie closely misses you. The mummy hits you but does no damage.
The adder zombie misses you.
The rat zombie bites you but does no damage.
Fire: p) +0 arbalest
Press: ? - help, Q - select action, (/) - cycle Shift-Dir - straight line, f - rat zombie
Aim: a rat zombie (79% to hit)
You shoot a bolt. The bolt hits the rat zombie!!
You destroy the rat zombie!
The adder zombie barely misses you. The mummy barely misses you.
The adder zombie misses you.
Fire: p) +0 arbalest
Press: ? - help, Q - select action, (/) - cycle Shift-Dir - straight line, f - orc zombie
Aim: an orc zombie (79% to hit)
You shoot a bolt. The bolt hits the orc zombie!
You destroy the orc zombie!
The adder zombie barely misses you. The mummy hits you!
Ouch! That really hurt!
You die...

###################
#$[#...........∩...
#!$+...............
####.......M.#####..
#..........Z@..........
#..........Z...........
#.....##...............
#.....##...............
#..M...M...............
#..#...................
#..##..................
#∩.##..........∩.......
#.Z##.Z........∩.......


You could see 2 mummies, an adder zombie and a goblin zombie.

Vanquished Creatures
  Ijyb (D:4)
  4 adders
  An adder zombie (Ossuary)
  A dart slug (D:1)
  An orc (D:3)
  3 bats (D:1)
  4 endoplasms
  A giant cockroach (D:3)
  3 goblins
  6 hobgoblins
  5 quokkas
  5 ball pythons
  2 frilled lizards
  A gnoll zombie (Ossuary)
  2 jackal zombies (Ossuary)
  3 kobolds
  4 orc zombies (Ossuary)
  6 rats
  2 rat zombies (Ossuary)
55 creatures vanquished.

Notes
Turn   | Place    | Note
-------+----------+-------------------------------------------
     0 | D:1      | Thatpatchoflichen the Deep Elf Hunter began the quest for
                  | the Orb.
     0 | D:1      | Reached XP level 1. HP: 12/12 MP: 3/3
   173 | D:1      | Reached XP level 2. HP: 17/17 MP: 4/4
   495 | D:1      | Found a faded altar of an unknown god.
   508 | D:1      | Reached XP level 3. HP: 13/21 MP: 5/5
  1562 | D:2      | Reached XP level 4. HP: 27/27 MP: 6/6
  1795 | D:3      | Noticed Sigmund
  2063 | D:3      | Noticed Ijyb
  2074 | D:4      | Killed Ijyb
  2075 | D:4      | Reached skill level 6 in Ranged Weapons
  2081 | D:4      | Found a sand-covered staircase.
  2094 | Ossuary  | Entered an ossuary
  2141 | Ossuary  | Mangled by a mummy

Illustrated notes

Levels and vault maps discovered:
D:1:      wander_arrival_chamber, layout_loops_ring,
          shapermc_ecumenical_altar_totnotflames
D:2:      minmay_chambers_of_ones, layout_basic
D:3:      layout_basic, serial_shops, shop_fountains, uniq_ijyb, uniq_sigmund
D:4:      layout_cave_pods, nicolae_ossuary_entry_plus, hangedman_glass_teeth,
          uniq_crazy_yiuf_cottage
Ossuary:  ossuary_minmay_tomb_2a

Skill      XL: |  1  2  3  4 |
---------------+-------------+-----
Fighting       | 2 |  2.8
Stealth        | 2 |  2.8
Dodging        | 3 |  3.3
Ranged Weapons | 6 |  6.1

Action                   |  1- 3 |  4- 6 || total
-------------------------+-------+-------++-------
 Fire: Shortbow          |    65 |    42 ||   107
       Arbalest          |    17 |    14 ||    31
  Use: Potion            |       |     3 ||     3
Armor: Leather armour    |     4 |    17 ||    21
Dodge: Dodged            |    21 |    32 ||    53
